AoeStats
← Bingoking

Arabia

508718669Analyzed
1v1 RM · 7d ago on Sep 23, 2026· 45m 48s· 2 players
Game mode
Random Map
Map size
Tiny (2 player)
Population
200
Speed
Normal
Resources
Standard
Victory
Conquest
Starting age
Dark Age
Ending age
Imperial Age
RankedLock teamsTeams togetherTeam positionsShared explorationLock speedFull tech treeHidden civsTurbo modeCheats
Victory
Defeat
🇩🇪 Mongols · Germany
1149
+16
🇦🇹 Hindustanis · Austria
1159
-16
Bingoking
9:53 Feudal Age
9:55 Man-at-Arms
13:58 Double-Bit Axe
14:41 Horse Collar
17:34 Loom
20:51 Castle Age
20:50 Bloodlines
22:31 Husbandry
22:59 Forging
23:33 Bow Saw
26:54 Heavy Plow
28:16 Fletching
29:11 Bodkin Arrow
30:45 Thumb Ring
31:31 Padded Archer Armor
32:38 Light Cavalry
34:11 Ballistics
37:44 Leather Archer Armor
38:11 Wheelbarrow
40:32 Imperial Age
38:59 Masonry
39:25 Hand Cart
40:15 Gold Mining
40:36 Heavy Cavalry Archer
42:39 Gold Shaft Mining
41:28 Hussar
42:18 Bracer
43:05 Parthian Tactics
44:33 Iron Casting
45:08 Chemistry
Gravian
5:46 Loom
8:43 Feudal Age
9:49 Double-Bit Axe
18:17 Wheelbarrow
21:42 Castle Age
21:32 Fletching
21:45 Padded Archer Armor
22:27 Husbandry
22:38 Bloodlines
23:00 Bodkin Arrow
24:02 Scale Barding Armor
25:09 Forging
25:31 Stone Mining
28:48 Horse Collar
30:01 Iron Casting
29:51 Elite Skirmisher
32:30 Gold Mining
37:38 Imperial Age
43:48 Leather Archer Armor
44:49 Ballistics
Connection lost

Rejoining the realm…

Still unreachable

The connection could not be restored.

Session expired

The server has moved on; the page needs a fresh start.